 Dungeon Crawl Stone Soup version 0.27-a0-13-g87abb2d9eb (webtiles) character file.

Game seed: 16278707696584413710

182 funkygono the Shield-Bearer (level 5, -2/46 HPs)
             Began as a Minotaur Fighter on Jan 2, 2021.
             Slain by Grinder (5 damage)
             ... while paralysed by Grinder
             ... on level 3 of the Dungeon.
             The game lasted 00:03:48 (2409 turns).

funkygono the Shield-Bearer (Minotaur Fighter)      Turns: 2409, Time: 00:03:49

Health: -2/46      AC:  7    Str: 22    XL:     5   Next: 34%
Magic:  4/4        EV:  2    Int:  5    God:
Gold:   120        SH:  0    Dex:  9    Spells: 4/4 levels left

rFire    . . .     SeeInvis .   k - +1 whip
rCold    . . .     Faith    .   c - +2 kite shield
rNeg     . . .     Spirit   .   b - +0 scale mail
rPois    .         Reflect  .   (helmet restricted)
rElec    .         Harm     .   (no cloak)
rCorr    .         Rampage  .   (no gloves)
Will     .....                  (no boots)
Stlth    ..........             (no amulet)
HPRegen  0.15/turn              (no ring)
MPRegen  0.09/turn              (no ring)

@: paralysed
A: retaliatory headbutt, horns 2
a: no special abilities


You were on level 3 of the Dungeon.
You visited 1 branch of the dungeon, and saw 3 of its levels.

You collected 120 gold pieces.

Inventory:

Hand Weapons
 a - a +0 flail
 j - a +0 hunting sling of flaming
 k - a +1 whip (weapon)
Missiles
 m - 38 bolts
 p - 13 sling bullets
Armour
 b - a +0 scale mail (worn)
 c - a +2 kite shield (worn)
Wands
 n - a wand of enslavement (5)
 q - a wand of iceblast (5)
Scrolls
 e - a scroll of magic mapping
 g - 3 scrolls of identify
Potions
 d - a potion of might
 f - 3 potions of brilliance
 h - 2 potions of resistance
 i - a potion of heal wounds {unknown}
 l - a potion of berserk rage {unknown}
 o - 2 potions of haste


   Skills:
 + Level 4.2 Fighting
 + Level 4.4 Maces & Flails
 + Level 4.7 Armour
 + Level 1.2 Dodging
 + Level 4.7 Shields


You had 4 spell levels left.
You didn't know any spells.
Your spell library was empty.

Dungeon Overview and Level Annotations

Branches:
Dungeon (3/15)

Altars:

Annotations:
D:3 Grinder


Innate Abilities, Weirdness & Mutations

You reflexively headbutt those who attack you in melee.
You have a pair of horns on your head.


Message History

Grinder blinks!
Grinder says, "Just stop there for a second..."
You block Grinder's attack. Grinder gestures at you.
Pain shoots through your body!
Grinder says, "Just stop there for a second..."
Grinder gestures at you.
You suddenly lose the ability to move!
Grinder gestures at you. You resist with significant effort.
Grinder hits you. x2
You writhe in agony.
* * * LOW HITPOINT WARNING * * *
Grinder hits you.
* * * LOW HITPOINT WARNING * * *
Grinder hits you but does no damage. Grinder hits you.
* * * LOW HITPOINT WARNING * * *
You writhe in agony.
You die...

#.#.####.#..........
#.#.#..#.#.#########
#.#...(#.#.#
#.######.#†#######
#........#.......#
##########.####.##
.......)# ####.#..#
# #.@# #.5# #..#
#..#######
#........#
........#####.#
.######.# #.# ..#


You could see Grinder.

Vanquished Creatures
  A phantom (D:2)
  3 adders
  2 oozes
  2 worms (D:2)
  3 leopard geckos
  6 bats
  3 giant cockroaches
  6 goblins
  6 hobgoblins
  6 jackals
  3 quokkas
  2 ball pythons
  2 frilled lizards (D:1)
  5 kobolds
  3 rats
53 creatures vanquished.

Notes
Turn   | Place    | Note
-------+----------+-------------------------------------------
     0 | D:1      | funkygono the Minotaur Fighter began the quest for the Orb.
     0 | D:1      | Reached XP level 1. HP: 19/19 MP: 0/0
   145 | D:1      | Reached XP level 2. HP: 27/27 MP: 1/1
   442 | D:1      | Reached XP level 3. HP: 23/33 MP: 2/2
  1280 | D:2      | Reached XP level 4. HP: 40/40 MP: 3/3
  1630 | D:2      | Noticed a phantom
  1648 | D:2      | Killed a phantom
  1649 | D:2      | Reached skill level 1 in Dodging
  1649 | D:2      | Reached XP level 5. HP: 11/46 MP: 4/4
  2384 | D:3      | Noticed Grinder
  2403 | D:3      | Paralysed by Grinder for 7 turns
  2409 | D:3      | Slain by Grinder

Illustrated notes

Levels and vault maps discovered:
D:1:      amcnicky_arrival_underground_garden, layout_loops_corners,
          minmay_crystal_room
D:2:      layout_basic
D:3:      layout_loops_ring, nicolae_overflow_hidden_temple, tso_altar,
          minivault_25, chequers_serial_rivers_room_a, minivault_5, uniq_grinder

Skill      XL: |  1  2  3  4 |
---------------+-------------+-----
Armour         | 4 |  4.7
Maces & Flails | 3 4 |  4.4
Fighting       | 4 |  4.2
Shields        | 4 |  4.7
Dodging        | 1 |  1.2

Action                   |  1- 3 |  4- 6 || total
-------------------------+-------+-------++-------
Melee: Flail             |    76 |       ||    76
       Headbutt          |    16 |    17 ||    33
       Whip              |    31 |    53 ||    84
  Use: Scroll            |     6 |     4 ||    10
Armor: Scale mail        |    46 |    13 ||    59
Dodge: Dodged            |    36 |     8 ||    44
Block: Kite shield       |    54 |    29 ||    83

Table legend: (Time is in decaauts)
 A = Elapsed time spent in this place.
 B = Non-inter-level travel time spent in this place.
 C = Inter-level travel time spent in this place.
 D = Time resting spent in this place.
 E = Time spent auto-exploring this place.
 F = Levels seen in this place.
 G = Mean time per level.
                   A        B        C        D        E       F      G
               +--------+--------+--------+--------+--------+-----+--------+
         Total |   2431 |   2345 |     86 |      0 |   1883 |   3 |  810.3 |
       Dungeon |   2431 |   2345 |     86 |      0 |   1883 |   3 |  810.3 |
               +--------+--------+--------+--------+--------+-----+--------+

Top non-repeatable levels by time:
     D:1: 1099 daAuts
     D:2: 1033 daAuts
     D:3: 297 daAuts
